 Dungeon Crawl Stone Soup version 0.19.1 (webtiles) character file.

96307 Jerry the Fencer (level 15, -1/129 HPs)
             Began as a Minotaur Monk on Dec 27, 2016.
             Was the Champion of Dithmenos.
             Killed by divine providence
             ... invoked by Saint Roka
              (15 damage)
             ... on level 2 of the Orcish Mines.
             The game lasted 01:44:19 (30649 turns).

Jerry the Fencer (Minotaur Monk)                   Turns: 30649, Time: 01:44:19

Health: -1/129     AC: 22    Str: 18    XL:     15   Next: 68%
Magic:  14/14      EV: 15    Int:  7    God:    Dithmenos [******]
Gold:   1285       SH:  0    Dex: 17    Spells: 2 memorised, 9 levels left

rFire  . . .     SeeInvis +     I - +4 triple sword (elec)
rCold  + . .     Gourm    .     J - +1 plate armour {rC+}
rNeg   + . .     Faith    .     (shield currently unavailable)
rPois  +         Spirit   .     s - +1 hat
rElec  .         Reflect  .     y - +0 cloak
rCorr  .         Harm     .     d - -2 pair of gloves of Elitism {+Fly MR+}
MR     +++++     Clarity  +     (no boots)
Stlth  ..........               Z - amulet of the Four Winds {rN+ MR+++ Clar}
                                t - +5 ring of slaying
                                l - ring of poison resistance

@: exhausted, slowed, wreathed by umbra, very slow
A: retaliatory headbutt, horns 2, talons 2, rugged brown scales 1, see
invisible, blink, subdued magic 1, MP-powered wands
a: Blink, Shadow Step, Shadow Form, Renounce Religion, Evoke Flight


You were on level 2 of the Orcish Mines.
You worshipped Dithmenos.
Dithmenos was exalted by your worship.
You were not hungry.

You visited 5 branches of the dungeon, and saw 25 of its levels.

You collected 1613 gold pieces.
You spent 328 gold pieces at shops.

Inventory:

Hand Weapons
 I - a +4 triple sword of electrocution (weapon)
 T - a +1 short sword of piercing
Missiles
 D - 6 javelins of penetration (quivered)
Armour
 d - the -2 pair of gloves of Elitism (worn) {+Fly MR+}
   (You acquired it on level 1 of the Orcish Mines)

   It affects your resistance to hostile enchantments.
   It lets you fly.
 s - a +1 hat (worn)
 y - a +0 cloak (worn)
 J - a +1 plate armour of cold resistance (worn)
Jewellery
 l - a ring of poison resistance (left hand)
 t - a +5 ring of slaying (right hand)
 F - an uncursed amulet of rage
 V - an uncursed ring of protection from fire
 Z - the amulet of the Four Winds (around neck) {rN+ MR+++ Clar}
   (You found it on level 15 of the Dungeon)

   [amulet of nothing]

   It protects you from negative energy.
   It affects your resistance to hostile enchantments.
   It protects you against confusion.
Wands
 z - a wand of lightning (8/15)
 A - a wand of acid (11/15)
 K - a wand of lightning (10/15)
 N - a wand of iceblast (7/15)
 O - a wand of disintegration (4/24)
 S - a wand of teleportation (6/9)
 W - a wand of disintegration (15/24)
Scrolls
 a - 3 scrolls of magic mapping
 i - 9 scrolls of remove curse
 j - 3 scrolls of teleportation
 k - 4 scrolls of amnesia
 m - 5 scrolls of fear
 n - 9 scrolls of identify
 x - 3 scrolls of fog
 H - 3 scrolls of recharging
 R - 3 scrolls of blinking
 Y - a scroll of acquirement
Potions
 b - a potion of lignification
 e - 4 potions of heal wounds
 f - 8 potions of curing
 h - 3 potions of flight
 o - a potion of might
 p - a potion of agility
 q - a potion of cure mutation
 v - 7 potions of brilliance
 w - 2 potions of cancellation
 C - 5 potions of ambrosia
 E - 5 potions of haste
 P - 2 potions of magic
Comestibles
 c - 13 bread rations
 u - 7 meat rations
 B - 27 fruits
 G - 6 slices of pizza


   Skills:
 + Level 10.0 Fighting
 + Level 18.1 Long Blades
 + Level 17.8 Armour
 + Level 16.6 Dodging
 - Level 2.1 Stealth


You had 9 spell levels left.
You knew the following spells:

 Your Spells              Type           Power        Failure   Level  Hunger
a - Repel Missiles        Chrm/Air       #.....       100%        2    ###....
b - Regeneration          Chrm/Necr      #.........   100%        3    ####...


Dungeon Overview and Level Annotations

Branches:
Dungeon (15/15)            Temple (1/1) D:4            Lair (6/6) D:11
 Shoals (0/4) Lair:4       Spider (0/4) Lair:4        Slime (0/5) Lair:5
    Orc (2/2) D:12            Elf (0/3) Orc:2        Vaults (0/5) D:13
 Depths (1/5) D:15

Altars:
Ashenzari
Cheibriados
Dithmenos
Elyvilon
Fedhas
Gozag
Hepliaklqana
Kikubaaqudgha
Makhleb
Nemelex Xobeh
Okawaru
Qazlal
Ru
Sif Muna
Trog
Uskayaw
Vehumet
Xom
Yredelemnul
Zin
The Shining One

Shops:
D:9 ?   D:13 (   D:15 (   Orc:2 %}   Depths:1 =

Annotations:
Orc:2 Saint Roka, Sonja


Innate Abilities, Weirdness & Mutations

You reflexively headbutt those who attack you in melee.
You have a pair of horns on your head.
You have razor-sharp toenails.
You are partially covered in rugged brown scales. (AC +1, +3% HP)
You have supernaturally acute eyesight. (SInv)
You can translocate small distances at will.
Your spells are a little easier to cast, but a little less powerful.
You expend magic power (3 MP) to strengthen your wands.


Message History

You emit a cloud of dark smoke.
You blink.
Saint Roka says, "Down here, you're an orc or you're nobody."
You feel much better.
Saint Roka invokes the aid of Beogh against you.
Beogh smites you!
* * * LOW HITPOINT WARNING * * *
The troll closely misses you. You furiously retaliate!
You headbutt the troll.
You riposte.
You hit the troll. Your kick misses the troll.
The troll is severely wounded.
The troll barely misses you. The troll claws you but does no damage.
Saint Roka invokes the aid of Beogh against you.
Beogh smites you!
* * * LOW HITPOINT WARNING * * *
The troll misses you.
The troll claws you but does no damage. x2
You closely miss the troll. You claw the troll.
The troll is severely wounded.
Your shadow closely misses the troll.
Saint Roka invokes the aid of Beogh against you.
Beogh smites you!
You die...

#..#.######.#.## #.##
......(#..#.....# #...#
................##.#..##
.......................#
................$.8.8.8##
..........[)#......⌠.⌠..##
$.........§§#.....8.∩.8..#
.........§§§§......⌠.⌠..####
.........§§§.§.T@.8.8.8.##.###
......[..§§§§o§#.............##
.........§§§§§.§.....#........# .
.........§§§§§§......#........##.
.........§.§§§§...............#..
............§§.................#.
..#.............................#
##..........#........$[)..#[...$.
..........................[<)...


You could see Saint Roka and a troll.

Vanquished Creatures
  2 orc warlords (Orc:1)
  The ghost of GsBirdie the Warrior, a journeyman MiBe of Trog (D:11)
  Erolcha (D:12)
  5 hydras
  A vault guard (D:13)
  Erica (D:11)
  4 centaur warriors
  A catoblepas (Lair:3)
  A death knight (D:13)
  3 ogre magi
  A tengu warrior (D:15)
  9 death yaks (Lair:6)
  4 skeletal warriors (D:14)
  The ghost of Jerry the Slasher, a novice DgGl (D:8)
  A glowing orange brain (D:15)
  2 deep trolls
  5 unseen horrors
  A deep elf archer (D:13)
  3 orc knights
  2 wizards
  12 hill giants
  A necromancer (D:13)
  A manticore (Lair:4)
  A wolf spider (Lair:4)
  6 cyclopes
  4 orc sorcerers
  9 ugly things
  A cyclops (shapeshifter) (D:15)
  2 torpor snails (Lair:4)
  2 black mambas
  An eye of devastation (shapeshifter) (D:15)
  4 gargoyles
  2 kobold demonologists (D:15)
  20 spiny frogs
  3 rime drakes
  3 centaur skeletons
  3 komodo dragons
  2 tengu conjurers (D:15)
  An efreet (D:14)
  16 trolls
  4 polar bears
  4 tyrant leeches (Lair:6)
  3 hornets
  7 two-headed ogres
  A dream sheep (shapeshifter) (D:15)
  10 blink frogs
  6 slime creatures (D:15)
  9 hippogriffs
  A water elemental (D:15)
  2 wraiths
  28 yaks
  2 shadows
  A vampire (D:15)
  2 wyverns
  2 basilisks
  A hog (shapeshifter) (D:15)
  3 hogs (D:9)
  22 humans
  A hungry ghost (D:11)
  Menkaure (D:5)
  14 vampire mosquitoes
  4 wargs
  A soldier ant (D:11)
  10 water moccasins
  27 orc warriors
  7 porcupines
  An ice beast (D:8)
  A sky beast (D:6)
  2 necrophages (D:9)
  4 black bears
  3 phantoms
  29 ogres
  12 crocodiles
  16 centaurs
  9 wolves
  A big kobold (D:15)
  A gnoll sergeant (D:10)
  A wyvern zombie (D:13)
  32 bullfrogs
  4 scorpions
  A scorpion (shapeshifter) (D:15)
  15 killer bees
  14 wights
  5 howler monkeys
  5 electric eels
  3 crimson imps
  4 centaur zombies
  A bullfrog zombie (D:6)
  5 hounds
  18 jellies
  22 orc priests
  24 orc wizards
  8 iguanas
  9 worker ants
  A killer bee zombie (D:7)
  2 hound skeletons
  18 gnolls
  11 adders
  3 river rats (D:11)
  3 shadow imps
  3 oozes
  2 adder zombies (D:8)
  An adder skeleton (D:7)
  3 worms (D:2)
  2 dart slugs
  8 leopard geckos
  118 orcs
  2 ball pythons
  2 giant cockroaches
  7 goblins
  10 hobgoblins
  3 jackals (D:3)
  8 kobolds
  6 quokkas
  13 bats
  4 frilled lizards
  16 rats
  A plant (D:15)
813 creatures vanquished.

Vanquished Creatures (others)
  3 orcs
  18 fungi
  17 plants
38 creatures vanquished.

Grand Total: 851 creatures vanquished

Notes
Turn   | Place    | Note
-------+----------+-------------------------------------------
     0 | D:1      | Jerry the Minotaur Monk began the quest for the Orb.
     0 | D:1      | Reached XP level 1. HP: 19/19 MP: 0/0
    43 | D:1      | Reached skill level 1 in Armour
   545 | D:1      | Reached XP level 2. HP: 26/26 MP: 1/1
   783 | D:1      | Reached skill level 4 in Long Blades
   889 | D:2      | Found a faded altar of an unknown god.
   891 | D:2      | Reached XP level 3. HP: 31/31 MP: 2/2
  2382 | D:2      | Reached XP level 4. HP: 39/39 MP: 3/3
  2657 | D:3      | Reached XP level 5. HP: 33/45 MP: 4/4
  2724 | D:3      | Reached skill level 5 in Long Blades
  3057 | D:3      | Found an iron altar of Okawaru.
  3349 | D:4      | Noticed an ogre
  3356 | D:4      | Killed an ogre
  3356 | D:4      | Reached skill level 5 in Dodging
  3356 | D:4      | Reached XP level 6. HP: 32/51 MP: 5/5
  3841 | D:4      | Found a sacrificial altar of Ru.
  3851 | D:4      | Reached skill level 6 in Long Blades
  3851 | D:4      | Reached skill level 5 in Armour
  4107 | D:4      | Reached XP level 7. HP: 57/57 MP: 6/6
  4381 | D:4      | Found a staircase to the Ecumenical Temple.
  4440 | D:4      | Found a shimmering altar of Xom.
  4443 | D:4      | Found a glowing golden altar of the Shining One.
  4534 | D:4      | Found a shattered altar of Ashenzari.
  4714 | Temple   | Entered the Ecumenical Temple
  4957 | Temple   | Became a worshipper of Dithmenos the Shadowed
  4957 | Temple   | Reached * piety under Dithmenos
  4957 | Temple   | Reached ** piety under Dithmenos
  5006 | D:5      | Entered Level 5 of the Dungeon
  5067 | D:5      | Noticed Menkaure
  5420 | D:5      | Found a stormy altar of Qazlal.
  5437 | D:5      | Killed Menkaure
  5460 | D:5      | Reached skill level 7 in Long Blades
  5629 | D:5      | Reached XP level 8. HP: 59/64 MP: 7/7
  6024 | D:6      | Found an opulent altar of Gozag.
  6115 | D:6      | Found a hide-covered altar of Uskayaw.
  6115 | D:6      | Noticed a hand axe
  6117 | D:6      | Noticed a hand axe
  6278 | D:6      | Found a sparkling altar of Nemelex Xobeh.
  6358 | D:6      | Reached skill level 8 in Long Blades
  6363 | D:6      | Gained mutation: You are resistant to hostile enchantments. (MR+) [mutagenic meat]
  6364 | D:6      | Gained mutation: You tend to lose your temper in combat. [mutagenic meat]
  6365 | D:6      | Gained mutation: You expend magic power (3 MP) to strengthen your wands. [mutagenic meat]
  6366 | D:6      | Gained mutation: You are robust. (+10% HP) [mutagenic meat]
  6366 | D:6      | Lost mutation: You are robust. (+10% HP) [potion of cure mutation]
  6366 | D:6      | Lost mutation: You tend to lose your temper in combat. [potion of cure mutation]
  6366 | D:6      | Lost mutation: You expend magic power (3 MP) to strengthen your wands. [potion of cure mutation]
  6366 | D:6      | Lost mutation: You are resistant to hostile enchantments. (MR+) [potion of cure mutation]
  6367 | D:6      | Gained mutation: Your mind is acute. (Int +2) [potion of beneficial mutation]
  6368 | D:6      | Gained mutation: You have sharp toenails. [potion of beneficial mutation]
  6657 | D:6      | Got a faintly humming robe
  6668 | D:6      | Identified the +1 robe of the Townfolk {+Fly rC- rCorr MP+9} (You found it on level 6 of the Dungeon)
  7205 | D:7      | Reached XP level 9. HP: 70/70 MP: 8/8
  7406 | D:7      | Reached *** piety under Dithmenos
  7406 | D:7      | Reached skill level 9 in Long Blades
  8141 | D:8      | Reached skill level 10 in Long Blades
  8192 | D:8      | Noticed Jerry's ghost (novice DgGl)
  8192 | D:8      | Found a snail-covered altar of Cheibriados.
  8199 | D:8      | Reached **** piety under Dithmenos
  8205 | D:8      | Killed Jerry's ghost
  8205 | D:8      | Reached XP level 10. HP: 44/77 MP: 9/9
  8743 | D:9      | Reached skill level 10 in Armour
  8904 | D:9      | Found Koghoyt's Magic Scroll Boutique.
  9085 | D:9      | Bought a scroll of identify for 28 gold pieces
  9099 | D:9      | Found a basalt altar of Yredelemnul.
  9157 | D:9      | Reached skill level 10 in Dodging
  9366 | D:9      | Found a white marble altar of Elyvilon.
  9452 | D:9      | Reached skill level 11 in Long Blades
  9453 | D:9      | Noticed a hill giant
  9845 | D:9      | Learned a level 2 spell: Repel Missiles
  9933 | D:9      | Found an iron altar of Okawaru.
 10166 | D:10     | Entered Level 10 of the Dungeon
 10247 | D:10     | Noticed a hill giant
 10267 | D:10     | Killed a hill giant
 10561 | D:10     | Noticed a gargoyle
 10566 | D:10     | Killed a gargoyle
 10908 | D:11     | Noticed Erica
 10908 | D:11     | Noticed a hill giant
 10928 | D:11     | Noticed a cyclops
 11367 | D:10     | Killed a hill giant
 11585 | D:11     | Killed Erica
 11585 | D:11     | Reached skill level 12 in Long Blades
 11585 | D:11     | Reached XP level 11. HP: 82/82 MP: 10/10
 11638 | D:11     | Noticed a brown ugly thing
 11651 | D:11     | Killed a brown ugly thing
 11685 | D:11     | Reached ***** piety under Dithmenos
 11705 | D:11     | Noticed GsBirdie's ghost (journeyman MiBe)
 12571 | D:11     | Noticed a hill giant
 12589 | D:11     | Killed a hill giant
 12790 | D:11     | Noticed a hill giant
 12790 | D:11     | Noticed a hill giant
 12806 | D:11     | Killed a hill giant
 12806 | D:11     | Reached skill level 13 in Long Blades
 12809 | D:11     | Killed a hill giant
 13177 | D:11     | Found a staircase to the Lair.
 13205 | D:11     | Killed GsBirdie's ghost
 13517 | D:11     | Noticed a hill giant
 13527 | D:11     | Killed a hill giant
 13527 | D:11     | Reached XP level 12. HP: 90/90 MP: 11/11
 14042 | D:12     | Found a staircase to the Orcish Mines.
 14525 | Orc:1    | Entered Level 1 of the Orcish Mines
 14576 | Orc:1    | Reached skill level 14 in Long Blades
 14678 | Orc:1    | Noticed Erolcha
 14695 | D:12     | Killed Erolcha
 15138 | Orc:1    | Noticed an orc warlord
 15344 | Orc:1    | Paralysed by an orc sorcerer for 3 turns
 15349 | Orc:1    | Killed an orc warlord
 15904 | Orc:2    | Entered Level 2 of the Orcish Mines
 15904 | Orc:2    | Found a staircase to the Elven Halls.
 15904 | Orc:2    | Noticed an ogre mage
 15906 | Orc:2    | Noticed an ogre mage
 15933 | Orc:2    | Paralysed by an orc sorcerer for 4 turns
 16131 | D:12     | Identified a scroll of acquirement
 16184 | D:13     | Found Oreaqin's Weapon Emporium.
 16362 | D:13     | Reached ****** piety under Dithmenos
 16814 | D:13     | Noticed an ogre mage
 16827 | D:13     | Killed an ogre mage
 16827 | D:13     | Reached skill level 15 in Long Blades
 16833 | D:13     | Reached XP level 13. HP: 95/95 MP: 12/12
 17209 | D:13     | Reached skill level 15 in Armour
 17246 | D:13     | Found a gate to the Vaults.
 17963 | Lair:1   | Entered Level 1 of the Lair of Beasts
 18728 | Lair:2   | Reached skill level 16 in Long Blades
 20163 | Lair:3   | Reached skill level 15 in Dodging
 20988 | Lair:4   | Found a staircase to the Shoals.
 20995 | Lair:4   | Reached XP level 14. HP: 103/103 MP: 13/13
 21072 | Lair:4   | Found a hole to the Spider Nest.
 21416 | Lair:4   | Found a snail-covered altar of Cheibriados.
 22120 | Lair:5   | Found a staircase to the Slime Pits.
 22249 | Lair:5   | Reached skill level 5 in Fighting
 22784 | Lair:6   | Entered Level 6 of the Lair of Beasts
 24544 | Lair:6   | Reached skill level 17 in Long Blades
 24996 | Lair:6   | Identified the Reference Book on Boosts
 25002 | Lair:6   | Learned a level 3 spell: Regeneration
 25386 | Orc:2    | Noticed Sonja
 25386 | Orc:2    | Noticed Saint Roka
 25802 | Orc:2    | Noticed an orc warlord
 26046 | Orc:1    | Gained mutation: You have razor-sharp toenails. [potion of mutation]
 26046 | Orc:1    | Gained mutation: You can translocate small distances at will. [potion of mutation]
 26046 | Orc:1    | Lost mutation: Your mind is acute. (Int +2) [potion of mutation]
 26047 | Orc:1    | Gained mutation: Your spells are a little easier to cast, but a little less powerful. [potion of mutation]
 26048 | Orc:1    | Gained mutation: You are partially covered in rugged brown scales. (AC +1, +3% HP) [potion of mutation]
 26048 | Orc:1    | Gained mutation: Your muscles are strong. (Str +2) [potion of mutation]
 26048 | Orc:1    | Gained mutation: You expend magic power (3 MP) to strengthen your wands. [potion of mutation]
 26049 | Orc:1    | Lost mutation: Your muscles are strong. (Str +2) [potion of mutation]
 26049 | Orc:1    | Gained mutation: You have supernaturally acute eyesight. (SInv) [potion of mutation]
 26052 | Orc:1    | Got a pair of translucent gloves
 26063 | Orc:1    | Identified the -2 pair of gloves of Elitism {+Fly MR+} (You acquired it on level 1 of the Orcish Mines)
 26584 | D:14     | Reached XP level 15. HP: 110/124 MP: 14/14
 26724 | D:14     | Found a shadowy altar of Dithmenos.
 27299 | D:15     | Entered Level 15 of the Dungeon
 27424 | D:15     | Found Oriu's Antique Weapon Shop.
 27760 | D:15     | Found a shattered altar of Ashenzari.
 27980 | D:15     | Found a stormy altar of Qazlal.
 28480 | D:15     | Found a staircase to the Depths.
 28764 | Depths:1 | Entered Level 1 of the Depths
 28768 | Depths:1 | Found Deceont's Jewellery Emporium.
 28774 | Depths:1 | Bought an uncursed ring of poison resistance for 300 gold pieces
 28919 | Orc:1    | Killed an orc warlord
 29671 | Orc:2    | Reached skill level 18 in Long Blades
 30101 | Orc:2    | Found Taupupi's Gadget Emporium.
 30239 | Orc:2    | Found Toeck's Food Shop.
 30624 | Orc:1    | Reached skill level 10 in Fighting
 30649 | Orc:2    | Killed from afar by Saint Roka

Skill      XL: |  1  2  3  4  5  6  7  8  9 10 11 12 13 14 15 |
---------------+----------------------------------------------+-----
Armour         | 1 2 3 4 5 6 8 9 11 13 14 16 17 | 17.8
Long Blades    | 4 5 6 7 8 10 12 13 15 16 17 18 | 18.1
Stealth        | 2 |  2.1
Dodging        | 4 5 6 8 9 11 12 13 15 16 | 16.6
Fighting       | 8 10 | 10.0

Action                   |  1- 3 |  4- 6 |  7- 9 | 10-12 | 13-15 || total
-------------------------+-------+-------+-------+-------+-------++-------
Melee: Falchion          |    86 |   115 |   127 |       |       ||   328
       Headbutt          |    22 |    35 |    65 |   128 |   189 ||   439
       Long sword        |       |       |   126 |   415 |       ||   541
       Kick              |       |       |    62 |   197 |   292 ||   551
       Triple sword      |       |       |       |    50 |   741 ||   791
       Short sword       |       |       |       |       |    22 ||    22
Throw: Throwing net      |       |       |       |     4 |     2 ||     6
       Javelin           |       |       |       |       |     2 ||     2
 Abil: Evoke Berserk Rag |       |       |     1 |    13 |     6 ||    20
Evoke: Rod               |       |       |       |       |     6 ||     6
       Wand              |       |       |       |       |     4 ||     4
  Use: Scroll            |       |       |    21 |    11 |    17 ||    49
       Potion            |       |       |     3 |     3 |     7 ||    13
 Stab: Sleeping          |    11 |       |       |       |       ||    11
       Paralysed         |       |     1 |       |       |       ||     1
       Held in net/web   |       |       |       |       |     1 ||     1
  Eat: Chunk             |     5 |     5 |    17 |    38 |    44 ||   109
       Beef jerky        |       |       |       |     1 |     3 ||     4
       Pizza             |       |       |       |       |     3 ||     3
       Fruit             |       |       |       |       |     1 ||     1
Armor: Robe              |     8 |       |       |       |       ||     8
       Chain mail        |       |    47 |    49 |       |       ||    96
       Plate armour      |       |       |    37 |   180 |   407 ||   624
       Scale mail        |       |       |     2 |       |       ||     2
Dodge: Dodged            |    44 |    70 |   138 |   313 |   662 ||  1227
       Rpst.: Falchion   |     9 |    13 |    20 |       |       ||    42
       Long sword        |       |       |    15 |    50 |       ||    65
       Triple sword      |       |       |       |     4 |   143 ||   147
